 Dungeon Crawl Stone Soup version 0.27-a0-1278-g6cbc8dfb29 (webtiles) character file.

Game seed: 11568625956101995267

28818 porpoise the Thaumaturge (level 13, -5/72 HPs)
             Began as a Deep Elf Conjurer on June 13, 2021.
             Was an Elder of Sif Muna.
             Splashed by an oklob plant's acid (16 damage)
             ... on level 2 of the Lair of Beasts.
             The game lasted 01:33:30 (18410 turns).

porpoise the Thaumaturge (Deep Elf Conjurer)       Turns: 18410, Time: 01:33:30

Health: -5/72      AC:  4    Str:  7    XL:     13   Next: 11%
Magic:  27/31      EV: 15    Int: 32    God:    Sif Muna [****..]
Gold:   971        SH:  0    Dex: 13    Spells: 14/36 levels left

rFire    + . .     SeeInvis .   b - +1 hand crossbow
rCold    + + .     Faith    .   (no shield)
rNeg     . . .     Spirit   .   H - +2 robe {rC+}
rPois    .         Reflect  .   F - +1 helmet
rElec    .         Harm     .   U - scarf {rC+ rF+}
rCorr    .         Rampage  .   (no gloves)
Will     +....                  V - +1 pair of boots
Stlth    +++.......             I - amulet of magic regeneration
HPRegen  0.22/turn              E - +4 ring of protection
MPRegen  0.47/turn              g - +6 ring of intelligence

@: corroded
A: no striking features
a: Renounce Religion, Channel Magic, Forget Spell, Divine Exegesis


You were on level 2 of the Lair of Beasts.
You worshipped Sif Muna.
Sif Muna was greatly pleased with you.
You visited 3 branches of the dungeon, and saw 15 of its levels.
You also visited: Gauntlet and Volcano.

You collected 1057 gold pieces.
You spent 86 gold pieces at shops.

Inventory:

Hand Weapons
 a - a +2 spectral quarterstaff
 b - a +1 hand crossbow (weapon)
 N - a +0 whip of draining
 W - a +0 hunting sling
Missiles
 c - 180 arrows
 n - 45 sling bullets
 C - 56 bolts (quivered ammo)
 K - 60 poisoned darts
Armour
 F - a +1 helmet (worn)
 H - a +2 robe of cold resistance (worn)
 U - a scarf of resistance (worn)
 V - a +1 pair of boots (worn)
Jewellery
 e - a ring of protection from cold
 g - a +6 ring of intelligence (right hand)
 l - a ring of fire
 E - a +4 ring of protection (left hand)
 I - an amulet of magic regeneration (around neck)
Wands
 m - a wand of digging (3)
 v - a wand of flame (11)
 D - a wand of acid (17)
 J - a wand of mindburst (28)
 Q - a wand of polymorph (8)
 T - a wand of iceblast (17)
Scrolls
 d - a scroll of enchant weapon
 h - 3 scrolls of magic mapping
 i - 2 scrolls of fog
 s - 4 scrolls of teleportation
 A - a scroll of vulnerability
 P - a scroll of fear
Potions
 r - a potion of invisibility {unknown}
 w - a potion of might {unknown}
 x - 2 potions of magic
 z - 4 potions of lignification
 L - 2 potions of cancellation
 O - 2 potions of flight
Miscellaneous
 f - a phantom mirror
 S - a tin of tremorstones (2/2)
 X - a phial of floods


   Skills:
 - Level 5.0 Fighting
 - Level 7.0 Dodging
 - Level 5.0 Stealth
 - Level 12.0 Spellcasting
 + Level 9.8 Conjurations
 - Level 5.0 Hexes
 + Level 6.9 Summonings
 - Level 7.0 Translocations
 + Level 6.9 Ice Magic
 - Level 7.0 Earth Magic
 - Level 9.0 Invocations
 - Level 7.0 Evocations


You had 14 spell levels left.
You knew the following spells:

 Your Spells              Type           Power      Damage    Failure   Level
a - Magic Dart            Conj           100%       1d8       1%          1
b - Searing Ray           Conj           100%       3d7       1%          2
c - Iskenderun's Mystic   Conj/Tloc      65%        2d13      1%          4
d - Fulminant Prism       Conj/Hex       30%        3d16      1%          4
i - Summon Ice Beast      Ice/Summ       59%        N/A       1%          4
r - Corona                Hex            55%        N/A       1%          1
s - Iron Shot             Conj/Erth      32%        9d7       12%         6

Your spell library contained the following spells:

 Spells                   Type           Power      Damage    Failure   Level
 Apportation              Tloc           100%       N/A       1%          1
 Summon Small Mammal      Summ           100%       N/A       1%          1
 Call Imp                 Summ           59%        N/A       1%          2
 Slow                     Hex            50%        N/A       1%          2
 Call Canine Familiar     Summ           59%        N/A       1%          3
 Confusing Touch          Hex            50%        N/A       1%          3
 Dazzling Flash           Conj/Hex       100%       N/A       1%          3
 Gell's Gravitas          Tloc           29%        N/A       1%          3
 Portal Projectile        Hex/Tloc       100%       N/A       1%          3
 Summon Guardian Golem    Hex/Summ       55%        N/A       1%          3
 Animate Armour           Summ/Erth      100%       N/A       1%          4
 Leda's Liquefaction      Hex/Erth       27%        N/A       1%          4
 Animate Skeleton         Necr           38%        N/A       2%          1
 Inner Flame              Hex/Fire       35%        N/A       2%          3
 Cause Fear               Hex            25%        N/A       3%          4
 Petrify                  Tmut/Erth      41%        N/A       6%          4
 Summon Lightning Spire   Summ/Air       41%        N/A       6%          4
 Metabolic Englaciation   Hex/Ice        27%        N/A       6%          5
 Bolt of Magma            Conj/Fire/Erth 26%        4d12      7%          5
 Yara's Violent Unravell  Hex/Tmut       17%        3d8       24%         5
 Statue Form              Tmut/Erth      27%        N/A       65%         6
 Shatter                  Erth           29%        3d24*     100%        9


Dungeon Overview and Level Annotations

Branches:
Dungeon (12/15)            Temple (1/1) D:6            Lair (2/6) D:11
    Orc (0/2) D:10        Volcano (visited)         Gauntlet (visited)
  Swamp: Lair:2-4    Shoals: Lair:2-4     Snake: Lair:2-4    Spider: Lair:2-4

Altars:
Ashenzari
Cheibriados
Dithmenos
Elyvilon
Fedhas
Gozag
Hepliaklqana
Kikubaaqudgha
Makhleb
Nemelex Xobeh
Okawaru
Qazlal
Ru
Sif Muna
Trog
Uskayaw
Vehumet
Wu Jian
Xom
Yredelemnul
Zin
The Shining One

Shops:
D:7 *   D:9 (

Annotations:
D:9 2 transporters Manual Fire nameless horror gastronok, Dvallin's ghost, journeyman KoBe; Gastronok
D:10 exclusion: 4 upstairs
D:12 exclusions: upstairs and 1 more exclusion, Rupert
Lair:1 2 runed translucent doors, arson's ghost, novice MiFi
Lair:2 exclusion: oklob plant


Message History

You start resting.
Magic restored.
Really walk into a travel-excluded area?
Casting: Searing Ray (safe; 1% risk of failure)
Confirm with . or Enter, or press ? or * to list all spells.
Aiming: Fulminant Prism (dangerous; 1% risk of failure)
Press: ? - help, Dir - move target You conjure a prism of explosive energy!
A fulminant prism comes into view.
You hear a loud crackle.
You hear an explosion!
Really walk into a travel-excluded area?
The oklob plant spits acid at you. The splash of acid hits you.
The acid corrodes you!
You are splashed with acid!
Casting: Fulminant Prism (dangerous; 1% risk of failure)
Confirm with . or Enter, or press ? or * to list all spells.
Aiming: Fulminant Prism (dangerous; 1% risk of failure)
Press: ? - help, Dir - move target You conjure a prism of explosive energy!
A fulminant prism comes into view.
The oklob plant spits acid at you. The splash of acid hits you.
You are splashed with acid!
You hear a loud crackle.
You start resting.
You hear an explosion!
Magic restored.
Really walk into a travel-excluded area?
The oklob plant spits acid at you. The splash of acid hits you.
The acid corrodes you!
You are splashed with acid!
Casting: Fulminant Prism (dangerous; 1% risk of failure)
Confirm with . or Enter, or press ? or * to list all spells.
Aiming: Fulminant Prism (dangerous; 1% risk of failure)
Press: ? - help, Dir - move target You conjure a prism of explosive energy!
A fulminant prism comes into view.
The oklob plant spits acid at you. The splash of acid hits you!
* * * LOW HITPOINT WARNING * * *
The acid corrodes you!
You are splashed with acid!
You die...

#.........## #........##
###......[#
###.#.......#
#P.....###.## #### ##
#.....## ### #..##.#
##.....##### ##.....###
###....###.P###........#
................@......#
.
........†........#..*.##
..# .................#
P?[# ..
...............>.# ..#
... ...........(.....#
.# .. .................#
# .................#
##.##.P#.#P.#..### ##
############


You could see an oklob plant (ally target) and a friendly fulminant prism.

Vanquished Creatures
  A fire dragon (Volcano)
  Josephine (D:10)
  A boulder beetle (D:12)
  A hydra (D:12)
  Fannar (D:10)
  4 lindwurms (Volcano)
  2 deep elf pyromancers (D:12)
  2 black mambas (Lair:1)
  2 smoke demons (Volcano)
  A rime drake (Lair:2)
  6 cane toads
  An unseen horror (D:11)
  3 komodo dragons
  2 trolls
  Prince Ribbit (D:7)
  A meliai zombie (D:7)
  3 blink frogs (Lair:1)
  4 slime creatures (D:12)
  7 shadows
  4 wraiths
  24 yaks
  A vampire (D:12)
  3 wyverns
  3 fire bats (Lair:1)
  A basilisk (Lair:2)
  6 steam dragons (Volcano)
  9 vampire mosquitoes
  Menkaure (D:4)
  An acid dragon (D:9)
  8 water moccasins
  Duvessa (D:4)
  A hell hound (Volcano)
  2 hornet zombies (D:7)
  5 black bears
  A sky beast (D:8)
  3 necrophages
  3 ogres (D:6)
  8 wolves
  2 centaurs
  4 phantoms
  Blork the orc (D:5)
  3 kobold brigands
  9 bullfrogs
  4 scorpions
  A water moccasin zombie (D:5)
  Dowan (D:4)
  2 troll zombies (D:10)
  17 killer bees
  3 electric eels (D:11)
  4 howler monkeys
  A bullfrog zombie (D:5)
  5 centaur zombies
  A centaur skeleton (D:5)
  2 gnoll shamans
  4 orc priests
  Crazy Yiuf (D:2)
  5 hounds
  Ijyb (D:4)
  5 iguanas
  7 orc wizards
  4 ogre zombies (D:10)
  A hound skeleton (D:5)
  12 gnolls
  8 adders
  A shadow imp (D:6)
  A worm (D:5)
  A dart slug (D:5)
  18 orcs
  13 ball pythons
  6 bats
  8 endoplasms
  4 giant cockroaches
  5 goblins
  4 hobgoblins
  3 jackals (D:2)
  7 quokkas
  2 frilled lizards (D:3)
  2 goblin zombies (D:10)
  2 hobgoblin skeletons (D:10)
  3 hobgoblin zombies (D:10)
  12 kobolds
  2 orc skeletons (D:10)
  10 orc zombies (D:10)
  5 rats
346 creatures vanquished.

Vanquished Creatures (collateral kills)
  2 hydras
  A black mamba (Lair:2)
  A gargoyle (D:11)
  An acid dragon (D:10)
  A bullfrog (D:7)
6 creatures vanquished.

Vanquished Creatures (others)
  A demonic plant (Gauntlet)
  12 fulminant prisms
  11 fungi
  18 plants
42 creatures vanquished.

Grand Total: 394 creatures vanquished

Notes
Turn   | Place    | Note
-------+----------+-------------------------------------------
     0 | D:1      | porpoise the Deep Elf Conjurer began the quest for the Orb.
     0 | D:1      | Reached XP level 1. HP: 10/10 MP: 6/6
   233 | D:1      | Reached XP level 2. HP: 15/15 MP: 5/8
   263 | D:1      | Learned a level 2 spell: Searing Ray
   770 | D:1      | Reached skill level 4 in Spellcasting
   919 | D:2      | Reached skill level 5 in Conjurations
   919 | D:2      | Reached XP level 3. HP: 19/19 MP: 5/10
  1134 | D:2      | Found a faded altar of an unknown god.
  1315 | D:2      | Found a runed translucent door.
  1316 | D:2      | Noticed Crazy Yiuf
  1322 | D:2      | Killed Crazy Yiuf
  1323 | D:2      | Reached XP level 4. HP: 24/24 MP: 6/12
  1583 | D:2      | Found a glowing golden altar of the Shining One.
  1597 | D:2      | Reached skill level 5 in Spellcasting
  1644 | D:2      | Learned a level 4 spell: Iskenderun's Mystic Blast
  1649 | D:2      | Learned a level 4 spell: Fulminant Prism
  1961 | D:3      | Reached skill level 1 in Fighting
  1961 | D:3      | Reached XP level 5. HP: 14/29 MP: 4/14
  2208 | D:3      | Found a blossoming altar of Fedhas.
  2769 | D:4      | Noticed Ijyb
  2784 | D:4      | Noticed Menkaure
  2788 | D:4      | Killed Menkaure
  2789 | D:4      | Reached XP level 6. HP: 36/36 MP: 9/15
  2862 | D:4      | Noticed Duvessa
  2862 | D:4      | Noticed Dowan
  2869 | D:4      | Killed Ijyb
  2870 | D:4      | Killed Dowan
  2873 | D:4      | Killed Duvessa
  2874 | D:4      | Reached skill level 1 in Translocations
  2874 | D:4      | Reached XP level 7. HP: 4/41 MP: 3/16
  3803 | D:5      | Entered Level 5 of the Dungeon
  4022 | D:5      | Found a large runed translucent door.
  4026 | D:5      | Found a large runed translucent door.
  4050 | D:5      | Noticed Blork the orc
  4054 | D:5      | Killed Blork the orc
  4137 | D:5      | Reached skill level 5 in Dodging
  4349 | D:5      | Reached XP level 8. HP: 46/46 MP: 11/17
  4413 | D:5      | Learned a level 4 spell: Summon Ice Beast
  4659 | D:5      | Reached skill level 5 in Translocations
  5114 | D:5      | Found a stormy altar of Qazlal.
  5121 | D:5      | Found a sacrificial altar of Ru.
  5223 | D:6      | Reached skill level 1 in Summonings
  5223 | D:6      | Reached skill level 1 in Ice Magic
  5374 | D:6      | Learned a level 1 spell: Corona
  5434 | D:6      | Found a staircase to the Ecumenical Temple.
  5484 | Temple   | Entered the Ecumenical Temple
  5519 | Temple   | Became a worshipper of Sif Muna the Loreminder
  5668 | D:6      | Reached XP level 9. HP: 51/52 MP: 7/18
  6405 | D:7      | Reached skill level 5 in Summonings
  6405 | D:7      | Reached skill level 5 in Ice Magic
  6459 | D:7      | Reached skill level 5 in Fighting
  6460 | D:7      | Noticed Prince Ribbit
  6748 | D:7      | Killed Prince Ribbit
  6787 | D:7      | Reached skill level 1 in Hexes
  6840 | D:7      | Reached skill level 1 in Evocations
  6994 | D:7      | Found Qempusem's Serpentskin Sales.
  7027 | D:7      | Bought 4 curare-tipped darts for 38 gold pieces
  7027 | D:7      | Bought 5 curare-tipped darts for 48 gold pieces
  7182 | D:8      | Reached * piety under Sif Muna
  7383 | D:8      | Reached XP level 10. HP: 39/59 MP: 9/19
  7795 | D:8      | Reached skill level 5 in Hexes
  8524 | D:9      | Found a radiant altar of Vehumet.
  8575 | D:9      | Reached skill level 5 in Evocations
  8579 | D:9      | Reached skill level 6 in Spellcasting
  8579 | D:9      | Reached skill level 1 in Invocations
  8630 | D:9      | Found Xiemuc's Weapon Boutique.
  8982 | D:9      | Reached skill level 7 in Spellcasting
  9024 | D:9      | Learned a level 6 spell: Iron Shot
  9040 | D:9      | Found a transporter.
  9042 | D:9      | Identified the +5 dire flail "Giant's Death Toll" {pain,
                  | rC+ Will++ Str-5 Dex+2}
  9042 | D:9      | Noticed a two-headed ogre
  9044 | D:9      | Found a transporter.
  9044 | D:9      | Noticed Dvallin's ghost (journeyman KoBe)
  9047 | D:9      | Noticed a two-headed ogre
  9471 | D:10     | Entered Level 10 of the Dungeon
  9471 | D:10     | Noticed Gastronok
  9519 | D:10     | Reached ** piety under Sif Muna
  9746 | D:10     | Reached skill level 8 in Spellcasting
  9903 | D:10     | Found a staircase to the Orcish Mines.
 10649 | D:10     | Reached skill level 5 in Invocations
 10655 | D:10     | Noticed Fannar
 10668 | D:10     | Killed Fannar
 10669 | D:10     | Reached skill level 9 in Spellcasting
 10669 | D:10     | Reached XP level 11. HP: 51/63 MP: 0/26
 10802 | D:10     | Found a hazy altar of Hepliaklqana.
 10803 | D:10     | Found a shimmering altar of Xom.
 10803 | D:10     | Noticed a two-headed ogre
 10881 | D:10     | Reached skill level 1 in Earth Magic
 11145 | D:10     | Noticed Josephine
 11159 | D:10     | Killed Josephine
 11277 | D:11     | Identified the +0 cloak of Zonoum {Int+5 Dex+4}
 11321 | D:11     | Found a gate leading to a gauntlet.
 11360 | Gauntlet | Entered a Gauntlet
 11360 | Gauntlet | Found a transporter.
 11360 | Gauntlet | Found a runed translucent gate.
 11360 | Gauntlet | Found a transporter.
 11361 | Gauntlet | Found a runed translucent gate.
 11370 | Gauntlet | Found a transporter.
 11374 | Gauntlet | Found a transporter.
 11392 | Gauntlet | Found a transporter.
 11393 | Gauntlet | Found a transporter.
 11401 | Gauntlet | Found a transporter.
 11415 | Gauntlet | Noticed a sixfirhy
 11415 | Gauntlet | Noticed a sixfirhy
 11417 | Gauntlet | Found a transporter.
 11432 | Gauntlet | Found a transporter.
 11436 | Gauntlet | Found a transporter.
 11438 | Gauntlet | Noticed a sixfirhy
 11448 | Gauntlet | Found a transporter.
 11448 | Gauntlet | Found a transporter.
 11450 | Gauntlet | Found a runed translucent gate.
 11450 | Gauntlet | Noticed a death scarab
 11504 | Gauntlet | Noticed a harpy
 11816 | D:11     | Reached *** piety under Sif Muna
 12138 | D:11     | Found a staircase to the Lair.
 12318 | D:11     | Reached skill level 5 in Stealth
 12318 | D:11     | Reached skill level 5 in Earth Magic
 12844 | D:12     | Noticed a boulder beetle
 12869 | D:12     | Killed a boulder beetle
 12975 | D:12     | Noticed a four-headed hydra
 12984 | D:12     | Killed a four-headed hydra
 13206 | D:12     | Noticed a six-headed hydra
 13275 | D:12     | Noticed a deep elf pyromancer
 13280 | D:12     | Killed a deep elf pyromancer
 13331 | D:12     | Killed a six-headed hydra
 13909 | D:12     | Noticed a deep elf pyromancer
 13915 | D:12     | Killed a deep elf pyromancer
 13916 | D:12     | Reached XP level 12. HP: 67/68 MP: 21/27
 14051 | D:12     | Noticed Rupert
 14608 | Lair:1   | Entered Level 1 of the Lair of Beasts
 14710 | Lair:1   | Found a dark tunnel.
 14720 | Volcano  | Entered a volcano
 14814 | Volcano  | Reached skill level 10 in Spellcasting
 15330 | Volcano  | Noticed a fire dragon
 15355 | Volcano  | Killed a fire dragon
 15625 | Lair:1   | Reached skill level 11 in Spellcasting
 16005 | Lair:1   | Reached **** piety under Sif Muna
 16508 | Lair:1   | Found a large runed translucent door.
 16516 | Lair:1   | Found a large runed translucent door.
 16661 | Lair:1   | Reached skill level 12 in Spellcasting
 16807 | Lair:1   | Noticed arson's ghost (novice MiFi)
 17913 | Lair:2   | Reached XP level 13. HP: 63/72 MP: 20/31
 18410 | Lair:2   | Splashed by an oklob plant's acid

Illustrated notes

Levels and vault maps discovered:
D:1:      lordsloth_arrival_two_stooges, layout_basic
D:2:      layout_rooms, ebering_ecumenical_altar_sacrificial, basic_altar,
          uniq_crazy_yiuf_cottage
D:3:      layout_rooms, lemuel_crystal_altar
D:4:      layout_loops_ring, uniq_menkaure, uniq_duvessa, uniq_ijyb
D:5:      layout_layer_cave, jmf_multi_god_temple2, serial_park_tiny_1,
          st_stairs_3, uniq_blork_the_orc
D:6:      minmay_spotlight, layout_layer_cave, minmay_temple_entry_junction_2,
          nrook_campfire
D:7:      layout_gridville, guppyfry_shop_venom, uniq_prince_ribbit1
D:8:      layout_basic
D:9:      layout_loops_ring, nicolae_overflow_crystal_walls, serial_shops,
          shop_statue, gammafunk_ghost_smash
D:10:     layout_roguey, regret_index_temple_of_mockery, zombieorc1_lemuel,
          uniq_josephine, uniq_fannar, uniq_gastronok
D:11:     layout_roguey, erik_lair_island, gauntlet_entry_generic
D:12:     layout_grid_maze, uniq_rupert
Temple:   eino_temple_rhombus
Lair:1:   layout_chaotic_city, ebering_ghost_disaster_area,
          nicolae_volcano_entry_batcave, hibernation_bobbens
Lair:2:   layout_cellular_growth, beast_lair_carwin_4, minmay_lair_oklob_chamber

Skill      XL: |  1  2  3  4  5  6  7  8  9 10 11 12 |
---------------+-------------------------------------+-----
Spellcasting   | 4 5 9 12 | 12.0
Conjurations   | 5 6 7 8 9 |  9.8
Fighting       | 1 2 3 4 5 |  5.0
Dodging        | 3 5 7 |  7.0
Translocations | 1 4 5 7 |  7.0
Summonings     | 3 6 |  6.9
Ice Magic      | 3 6 |  6.9
Hexes          | 3 5 |  5.0
Evocations     | 3 5 7 |  7.0
Invocations    | 6 7 9 |  9.0
Earth Magic    | 7 |  7.0
Stealth        | 5 |  5.0

Action                   |  1- 3 |  4- 6 |  7- 9 | 10-12 | 13-15 || total
-------------------------+-------+-------+-------+-------+-------++-------
Melee: Whip              |       |       |     2 |     2 |       ||     4
       Quarterstaff      |       |       |       |     5 |       ||     5
       Hand crossbow     |       |       |       |     1 |       ||     1
 Fire: Hand crossbow     |       |       |    85 |   140 |    15 ||   240
Throw: Dart              |       |       |       |     3 |       ||     3
       Boomerang         |       |       |       |     1 |       ||     1
 Cast: Magic Dart        |    53 |    36 |     2 |       |       ||    91
       Searing Ray       |     9 |    14 |    62 |   148 |    14 ||   247
       Iskenderun's Myst |       |       |    15 |    43 |     7 ||    65
       Summon Ice Beast  |       |       |     1 |    18 |     2 ||    21
       Fulminant Prism   |       |       |       |     9 |     4 ||    13
       Corona            |       |       |       |     1 |       ||     1
Evoke: Wand              |       |       |       |     8 |       ||     8
  Use: Scroll            |       |     7 |     8 |    12 |       ||    27
       Potion            |       |       |       |     3 |       ||     3
Armor: Robe              |       |     1 |    21 |    64 |     9 ||    95
Dodge: Dodged            |     4 |     5 |    31 |   141 |    17 ||   198

Table legend: (Time is in decaauts)
 A = Elapsed time spent in this place.
 B = Non-inter-level travel time spent in this place.
 C = Inter-level travel time spent in this place.
 D = Time resting spent in this place.
 E = Time spent auto-exploring this place.
 F = Levels seen in this place.
 G = Mean time per level.
                   A        B        C        D        E       F      G
               +--------+--------+--------+--------+--------+-----+--------+
         Total |  18537 |  18065 |    472 |   6934 |   7998 |  17 | 1090.4 |
       Dungeon |  14366 |  14015 |    351 |   5147 |   6880 |  12 | 1197.2 |
        Temple |    163 |    149 |     14 |      0 |    141 |   1 |  163.0 |
          Lair |   2970 |   2864 |    106 |   1288 |    941 |   2 | 1485.0 |
       Volcano |    863 |    863 |      0 |    498 |     36 |   1 |  863.0 |
      Gauntlet |    173 |    173 |      0 |      0 |      0 |   1 |  173.0 |
               +--------+--------+--------+--------+--------+-----+--------+

Top non-repeatable levels by time:
    D:12: 1932 daAuts
  Lair:1: 1917 daAuts
    D:10: 1787 daAuts
     D:8: 1390 daAuts
     D:5: 1307 daAuts
    D:11: 1280 daAuts
     D:4: 1279 daAuts
     D:2: 1082 daAuts
  Lair:2: 1052 daAuts
     D:9: 1026 daAuts
     D:6: 969 daAuts
     D:1: 888 daAuts
 Volcano: 863 daAuts
     D:7: 818 daAuts
     D:3: 604 daAuts
